Map: Dusk Towers

Players

Nitronik - Winner!

  • Race: Terran Terran
  • League: Gold

capac

  • Race: Terran Terran
  • League: Gold

VOD

Have the link to the VOD?

Description

Time

  • Played on: April 25, 2016, 3:44 p.m.
  • Length: 18:33
Show
View Real Time Build Order
Export as new Build Order

Nitronik Terran - Winner!

Build Orders: Banshee Rush 

Get SALT Encoding   

  12  0:01  SCV  
  13  0:13  SCV  
  14  0:19  Supply Depot  
  14  0:26  Refinery  
  14  0:28  SCV  
  15  0:40  SCV  
  16  0:46  Barracks  
  16  0:55  SCV  
  17  1:06  Supply Depot  
  17  1:07  SCV  
  18  1:19  SCV  
  19  1:31  SCV  
  20  1:35  Reaper  
  21  1:45  Refinery  
  21  2:02  Command Center  
  21  2:09  Orbital Command  
  21  2:24  Factory  
  21  2:26  Marine  
  22  2:41  Supply Depot  
  22  2:45  SCV  
  23  2:57  SCV  
  24  3:05  Marine  
  25  3:09  Starport, Factory Tech Lab, SCV  
  26  3:13  Engineering Bay  
  26  3:24  Orbital Command  
  26  3:26  Marine  
  27  3:30  SCV  
  28  3:43  SCV  
  29  3:49  SCV  
  29  3:52  Marine  
  29  3:53  Banshee  
  29  3:54  Cloaking Field  
  29  3:55  SCV  
  35  4:00  Missile Turret  
  35  4:01  SCV  
  36  4:07  Missile Turret, SCV  
  36  4:09  Factory Tech Lab  
  37  4:10  Marine  
  38  4:19  SCV  
  38  4:20  Barracks  
  38  4:24  SCV  
  40  4:28  Marine  
  41  4:33  SCV  
  41  4:35  Missile Turret  
  41  4:36  Siege Tank  
  45  4:41  Viking  
  45  4:43  SCV  
  48  4:46  Supply Depot  
  48  4:48  Terran Infantry Weapons Level 1  
  48  4:50  SCV  
  49  5:07  Command Center  
  49  5:09  SCV  
  49  5:11  Siege Tank  
  49  5:13  Marine  
  54  5:21  SCV  
  54  5:26  Refinery, SCV  
  54  5:27  Refinery  
  56  5:30  Armory  
  56  5:34  Supply Depot  
  56  5:36  Supply Depot  
  56  5:48  Missile Turret  
  56  5:49  SCV  
  57  5:50  SCV  
  57  5:53  Marine, Missile Turret  
  59  6:01  SCV  
  60  6:10  Supply Depot  
  60  6:15  Barracks Tech Lab, Engineering Bay  
  60  6:18  Marine  
  61  6:22  Orbital Command  
  61  6:26  Missile Turret  
  61  6:32  Siege Tank  
  64  6:36  Marine  
  64  6:39  Starport Reactor  
  65  6:40  Barracks  
  65  6:41  Marine  
  65  6:42  Terran Infantry Armor Level 1, SCV x2  
  65  6:45  Barracks x2  
  68  6:50  Orbital Command  
  68  6:56  SCV x2  
  68  6:58  Missile Turret  
  70  7:02  Marine  
  70  7:03  Marauder  
  70  7:04  Siege Tank  
  70  7:06  Stimpack  
  76  7:08  SCV  
  77  7:16  Starport  
  77  7:19  Missile Turret  
  77  7:20  Missile Turret  
  78  7:22  SCV  
  78  7:23  SCV x2  
  78  7:29  Terran Vehicle Weapons Level 1  
  80  7:31  Terran Infantry Weapons Level 2  
  79  7:48  Marine, SCV x3  
  83  7:52  Missile Turret  
  83  7:55  Siege Tank  
  83  7:56  Barracks Reactor  
  83  7:57  Barracks Tech Lab  
  86  7:59  Combat Shields  
  86  8:00  Starport Reactor, SCV  
  86  8:05  Viking, Medivac  
  91  8:13  Missile Turret  
  91  8:14  Supply Depot  
  91  8:15  Marine, Missile Turret  
  91  8:16  Supply Depot  
  91  8:19  Marine  
  95  8:20  Marauder  
  95  8:21  Marine  
  96  8:27  Barracks  
  96  8:32  SCV  
  97  8:35  Viking  
  97  8:36  Missile Turret  
  97  8:38  Marauder  
  101  8:57  SCV  
  101  9:00  Refinery  
  102  9:03  Refinery, Missile Turret  
  102  9:05  Siege Tank  
  102  9:06  Viking, Medivac  
  102  9:07  Marauder x2, Marine x4, Armory  
  117  9:18  Barracks  
  117  9:24  Command Center  
  117  9:25  Missile Turret  
  117  9:31  Supply Depot  
  117  9:33  Supply Depot  
  117  9:43  Marine x2  
  117  9:44  Marauder x2, SCV  
  124  9:46  SCV  
  124  9:48  Terran Infantry Armor Level 2  
  124  9:51  Terran Ship Weapons Level 1  
  124  9:52  Siege Tank  
  128  9:54  Missile Turret  
  128  10:05  Marine  
  128  10:06  Marauder, Marine  
  136  10:07  Marauder x2  
  136  10:18  Command Center  
  136  10:33  Starport  
  136  10:35  Starport  
  136  10:36  Starport  
  136  10:37  Terran Vehicle And Ship Armor Level 1  
  136  10:38  Orbital Command  
  136  10:40  Siege Tank  
  139  10:51  Viking x2  
  143  11:04  SCV x3  
  146  11:12  Missile Turret  
  146  11:14  Supply Depot  
  146  11:15  Terran Infantry Weapons Level 3  
  146  11:16  SCV x3, Missile Turret  
  146  11:17  Supply Depot, Starport Tech Lab  
  149  11:19  Starport  
  149  11:24  Fusion Core  
  149  11:27  Starport Tech Lab  
  149  11:33  Supply Depot, Missile Turret  
  149  11:36  Planetary Fortress  
  149  11:39  Command Center  
  149  11:49  Starport Tech Lab  
  149  11:53  Missile Turret  
  149  11:54  Banshee x2  
  152  11:58  Refinery  
  152  12:01  Refinery  
  155  12:19  Battlecruiser  
  155  12:21  Viking x2  
  165  12:30  Refinery  
  165  12:31  Refinery  
  165  12:36  Banshee  
  168  12:37  Terran Ship Weapons Level 2, Banshee  
  168  12:40  Terran Vehicle And Ship Armor Level 2  
  168  12:41  Starport Tech Lab  
  171  12:51  Weapon Refit  
  171  12:53  Viking  
  171  12:54  Viking  
  171  12:56  Refinery  
  171  12:58  Marine x5  
  176  12:59  Marine  
  181  13:06  Supply Depot, Banshee  
  181  13:07  Viking  
  181  13:08  Supply Depot x2  
  181  13:10  Supply Depot  
  186  13:16  Marine x3  
  189  13:21  Planetary Fortress  
  189  13:29  Battlecruiser  
  189  13:30  Viking, Supply Depot  
  189  13:33  Supply Depot  
  198  14:10  Refinery, SCV x2  
  189  14:28  Battlecruiser x2  
  189  14:29  Battlecruiser  
  187  14:33  Battlecruiser  
  193  15:02  Command Center  
  193  15:32  Battlecruiser  
  173  15:43  Marauder, Marine x3  
  173  15:44  Marauder x2  
  173  15:45  Viking, Battlecruiser x2  
  173  15:46  Viking, Battlecruiser  
  169  16:01  Marine x3  
  169  16:02  Viking x2  
  173  16:04  Marine x2  
  175  16:15  Viking  
  175  16:16  Viking  
  179  16:29  Missile Turret  
  179  16:32  Viking x2  
  183  16:36  Viking  
  185  16:54  Viking x2, Battlecruiser  
  195  17:13  Viking  
  195  17:14  Banshee  
Show
View Real Time Build Order
Export as new Build Order

capac Terran 

Build Orders: MMM Bio 

Get SALT Encoding   

  12  0:01  SCV  
  13  0:13  SCV  
  14  0:19  Supply Depot  
  14  0:25  SCV  
  15  0:41  SCV  
  15  0:42  Barracks  
  16  0:46  Refinery  
  16  0:53  SCV  
  17  1:05  SCV  
  18  1:17  SCV  
  19  1:32  Reaper  
  20  1:35  SCV  
  21  1:42  Command Center  
  21  1:50  Orbital Command  
  21  2:00  Supply Depot  
  21  2:04  Marine  
  22  2:17  SCV  
  22  2:21  Refinery  
  22  2:25  Factory  
  22  2:28  Barracks Tech Lab  
  22  2:32  SCV  
  23  2:40  Barracks  
  23  2:47  Marine  
  24  3:05  Orbital Command, SCV  
  25  3:18  SCV  
  26  3:30  SCV  
  26  3:31  Siege Tank  
  30  3:36  Starport  
  30  3:37  Barracks Tech Lab  
  30  3:38  Barracks Reactor  
  30  3:49  Command Center  
  30  3:59  Engineering Bay, Marine  
  31  4:04  SCV x2  
  33  4:13  Stimpack  
  33  4:16  Viking  
  35  4:17  Marine  
  35  4:21  Marine x2  
  38  4:35  Missile Turret  
  38  4:37  Missile Turret  
  38  4:38  SCV x2  
  40  4:40  Marine x2  
  42  4:52  Starport Reactor  
  42  4:55  Marine  
  42  4:58  Marine x2  
  45  5:03  SCV x2  
  45  5:05  Orbital Command  
  47  5:07  Terran Infantry Weapons Level 1  
  47  5:09  Siege Tank  
  50  5:16  SCV x2  
  50  5:18  Marine  
  50  5:19  Marine x2  
  55  5:28  SCV x2  
  55  5:31  SCV  
  58  5:36  Marine x2  
  58  5:40  SCV  
  61  5:49  Supply Depot  
  61  5:50  Supply Depot  
  61  5:53  Marine, SCV x2, Medivac x2  
  61  5:54  Marine  
  69  6:02  SCV  
  70  6:19  SCV x3  
  70  6:20  Marine x2, Missile Turret  
  70  6:21  Marine  
  76  6:29  Barracks  
  76  6:30  Barracks  
  76  6:31  SCV  
  77  6:35  SCV x2  
  77  6:36  Supply Depot  
  77  6:38  Supply Depot, Marine x3  
  82  6:40  Refinery  
  82  6:46  Refinery, SCV  
  83  6:49  SCV x2  
  85  6:57  Marine  
  85  6:58  Supply Depot, Marine  
  85  7:00  Combat Shields  
  87  7:02  Supply Depot  
  87  7:18  Missile Turret  
  87  7:19  Orbital Command  
  87  7:24  Siege Tank  
  87  7:25  Medivac x2  
  94  7:45  Barracks Tech Lab  
  94  7:46  Barracks Tech Lab  
  94  7:50  Missile Turret  
  94  7:53  Armory  
  94  7:57  Engineering Bay  
  96  8:00  Siege Tank  
  97  8:06  Marine x3  
  97  8:09  Marauder x2  
  97  8:10  SCV  
  97  8:11  SCV x2  
  107  8:23  SCV, Medivac x2  
  112  8:27  Starport  
  112  8:32  Siege Tank  
  115  8:35  Command Center  
  115  8:36  Marauder x3  
  115  8:37  Marine x2  
  123  8:57  Terran Infantry Armor Level 1  
  123  8:59  Terran Infantry Weapons Level 2  
  123  9:02  Supply Depot  
  123  9:06  Barracks  
  123  9:07  Starport Reactor  
  123  9:08  Barracks  
  123  9:14  SCV x2  
  125  9:24  SCV  
  126  9:26  Marine  
  126  9:28  Marauder x3  
  133  9:44  Supply Depot, Marine  
  133  9:45  Supply Depot  
  134  9:57  Barracks  
  134  9:58  Liberator  
  134  9:59  Liberator x2  
  133  10:00  Liberator  
  133  10:13  Siege Tank  
  148  10:25  Command Center  
  148  10:26  Sensor Tower  
  148  10:33  Barracks Reactor x2  
  148  10:49  Factory  
  148  10:57  Terran Infantry Armor Level 2  
  148  10:59  Marine x2  
  148  11:02  Barracks Tech Lab  
  151  11:04  Sensor Tower  
  151  11:06  Marauder x3  
  156  11:18  Refinery  
  156  11:19  Refinery  
  156  11:27  Marauder  
  156  11:28  Marauder  
  156  11:29  Marauder  
  156  11:30  Marauder, Marine x5  
  156  11:31  Marine  
  170  11:34  Factory Tech Lab  
  170  11:46  Liberator x2  
  170  11:47  Liberator x2  
  170  11:48  Supply Depot  
  170  11:52  Supply Depot  
  182  12:10  Missile Turret  
  182  12:42  Orbital Command  
  182  12:44  Missile Turret  
  182  12:45  Supply Depot  
  182  12:49  Armory  
  182  12:51  Terran Ship Weapons Level 1  
  182  13:05  Medivac x2  
  182  13:06  Medivac x2  
  190  13:20  Terran Infantry Weapons Level 3, Liberator x2  
  190  13:22  Terran Infantry Armor Level 3  
  190  13:27  Concussive Shells  
  190  13:34  Refinery  
  190  13:37  Refinery  
  195  14:20  Command Center  
  195  14:21  Command Center  
  195  14:43  Siege Tank  
  198  14:50  Terran Ship Weapons Level 2  
  198  15:34  Missile Turret  
  102  15:57  Viking x2  
  102  15:58  Viking x2, Marine  
  102  15:59  Marine x8  
  102  16:00  Marine  
  100  16:16  Marine x2  
  102  16:23  Terran Vehicle And Ship Armor Level 1  
  102  16:30  Orbital Command  
  102  16:37  Viking x3  
  102  16:38  Viking  
  110  16:48  Refinery  
  110  16:49  Starport  
  110  16:51  Starport  
  110  16:52  Starport  
  110  17:01  Missile Turret  
  109  17:14  Viking  
  109  17:15  Viking x3  
  114  17:32  Thor x2  
  114  17:36  Viking  
  122  17:44  Viking  
  122  17:45  Viking x3  
  130  17:55  Starport  
Tags
 
Composition
MMM Bio
League
GoldGold
Matchup
TvT
Race
Terran
Strategy
Banshee Rush
Add a new tag
Caveats
  • Supply blocks, unpowered buildings, or Contaminate may cause inaccurate times.
  • Supply counts are checked every 10 seconds.